 Dungeon Crawl Stone Soup version 0.28-b1-1-g3c77fb2ed1 (webtiles) character file.

Game seed: 8455720928402399481

101 theEndsummarily the Cudgeller (level 4, -6/29 HPs)
             Began as a Tengu Cinder Acolyte on Jan 28, 2022.
             Was a High Priest of Ignis.
             Mangled by Sigmund (9 damage)
             ... on level 2 of the Dungeon.
             The game lasted 00:14:34 (2724 turns).

theEndsummarily the Cudgeller (TeCA)                Turns: 2724, Time: 00:14:34

Health: -6/29      AC:  9    Str: 15    XL:     4   Next: 75%
Magic:  7/8        EV: 11    Int: 16    God:    Ignis [*****.]
Gold:   23         SH:  0    Dex:  9    Spells: 5/7 levels left

rFire   + . .      SeeInvis .   a - -1 mace (flame)
rCold   . . .      Faith    .   (no shield)
rNeg    . . .      Spirit   .   b - +0 robe
rPois   .          Reflect  .   (helmet restricted)
rElec   .          Harm     .   (no cloak)
rCorr   .          Rampage  .   (no gloves)
Will    .....                   (boots unavailable)
Stlth   +.........              (no amulet)
HPRegen 0.09/turn               (no ring)
MPRegen 0.11/turn               (no ring)

@: fiery-armoured
A: beak, talons 3
a: Renounce Religion, Fiery Armour, Foxfire Swarm, Rising Flame


You were on level 2 of the Dungeon.
You worshipped Ignis.
Ignis was extremely pleased with you.
You visited 1 branch of the dungeon, and saw 2 of its levels.

You collected 23 gold pieces.

Inventory:

Hand Weapons
 a - a -1 mace of flaming (weapon)
Armour
 b - a +0 robe (worn)
Scrolls
 d - a scroll of identify {unknown}
 e - a scroll of enchant weapon {unknown}
Potions
 c - a potion of heal wounds {unknown}
 f - a potion of cancellation


   Skills:
 + Level 3.7 Fighting
 + Level 4.0 Maces & Flails
 + Level 0.0 Dodging
 + Level 0.0 Stealth
 + Level 2.1 Spellcasting
 - Level 4.0 Fire Magic


You had 5 spell levels left.
You knew the following spells:

 Your Spells              Type           Power      Damage    Failure   Level
a - Scorch                Fire           28%        2d6       6%          2

Your spell library contained the following spells:

 Spells                   Type           Power      Damage    Failure   Level


Dungeon Overview and Level Annotations

Branches:
Dungeon (2/15)

Altars:

Shops:
D:1 (

Annotations:
D:2 Sigmund


Innate Abilities, Weirdness & Mutations

You have a beak for a mouth.
You have claws for feet.


Message History

The bat barely misses you.
Sigmund shouts!
The bat closely misses you. The bat barely misses you.
The frilled lizard hisses angrily.
You hit the bat. You burn the bat.
You kill the bat!
Sigmund casts a spell at you.
You are confused.
It was a potion of cancellation.
Your magical effects are unravelling.
You feel magically purged.
You feel less confused.
Sigmund gestures wildly while chanting.
Sigmund flickers and vanishes!
Deactivating autopickup; reactivate with Ctrl-A.
You see here a bat corpse.
A puff of flame appears from out of thin air!
The puff of flame hits you. You resist.
Okay, then.
Casting: Scorch (safe; 6% risk of failure)
Confirm with . or Enter, or press ? or * to list all spells.
Flames lash the frilled lizard.
You kill the frilled lizard!
Okay, then.
A protective cloak of flame settles atop you.
Something hits you. Something hits you.
You hear some strange, mumbled words.
Something tries to affect you, but you resist.
Something hits you.
Okay, then.
Something hits you. Something hits you.
You closely miss something. Your kick misses something. You miss something.
Your peck misses something. Something hits you!
* * * LOW HITPOINT WARNING * * *
Your cloak of flame flares fiercely!
Something hits you but does no damage.
Okay, then.
You miss something. Your peck misses something. Something hits you!
You die...

##### # #.... ##. ####.##. #..
### #....##. #..########.#
#.#####. #........{@.# #......#
#....######.## #..###†# ##
####.# #....#######....#.#
##...####l####.#)..........###..
....{...†.................>..###
#.....#.###....####.....######
#.......# #.#### #.....#
#.....### #.# #.....# #..... ..#
#...###


There were no monsters in sight!

Vanquished Creatures
  3 gnolls
  4 adders (D:2)
  2 dart slugs (D:1)
  2 endoplasms (D:2)
  A giant cockroach (D:1)
  2 goblins (D:1)
  4 hobgoblins
  6 kobolds
  A quokka (D:2)
  4 bats
  3 frilled lizards
  4 rats
36 creatures vanquished.

Notes
Turn   | Place    | Note
-------+----------+-------------------------------------------
     0 | D:1      | theEndsummarily the Tengu Cinder Acolyte began the quest
                  | for the Orb.
     0 | D:1      | Reached XP level 1. HP: 14/14 MP: 3/3
   102 | D:1      | Found Pofryich's Weapon Boutique.
   135 | D:1      | Reached XP level 2. HP: 14/19 MP: 4/4
   138 | D:1      | Learned a level 2 spell: Scorch
  1494 | D:1      | Reached XP level 3. HP: 13/23 MP: 2/6
  2159 | D:2      | Reached XP level 4. HP: 28/28 MP: 4/7
  2695 | D:2      | Noticed Sigmund
  2724 | D:2      | Mangled by Sigmund

Illustrated notes

Levels and vault maps discovered:
D:1:      wander_arrival_fairy_ring, layout_loops_corners, serial_shops,
          nicolae_shop_statue_plus, minivault_24
D:2:      layout_basic, uniq_sigmund

Skill      XL: |  1  2  3  4 |
---------------+-------------+-----
Spellcasting   | 2 |  2.1
Maces & Flails | 4 |  4.0
Fire Magic     | 4 |  4.0
Fighting       | |  3.7

Action                   |  1- 3 |  4- 6 || total
-------------------------+-------+-------++-------
Melee: Mace              |    41 |    15 ||    56
       Peck              |     9 |     1 ||    10
       Kick              |     7 |     1 ||     8
 Cast: Scorch            |    17 |     7 ||    24
Invok: Fiery Armour      |       |     2 ||     2
  Use: Potion            |       |     1 ||     1
Armor: Robe              |     4 |     2 ||     6
Dodge: Dodged            |    21 |    10 ||    31
